 Dungeon Crawl Stone Soup version 0.30-b1-2-g02819fbbbe (webtiles) character file.

Game seed: 3355476169856376357

89 LLlMATKO the Chopper (level 4, -6/41 HPs)
             Began as a Minotaur Berserker on Aug 4, 2023.
             Was a Believer of Trog.
             Mangled by a gnoll
             ... wielding a +2 halberd of venom
              (15 damage)
             ... on level 3 of the Dungeon on Aug 5, 2023.
             The game lasted 00:01:40 (1921 turns).

LLlMATKO the Chopper (Minotaur Berserker)           Turns: 1921, Time: 00:01:41

Health: -6/41      AC:  2    Str: 23    XL:     4   Next: 31%
Magic:  3/3        EV: 12    Int:  4    God:    Trog [**....]
Gold:   155        SH:  0    Dex: 10    Spells: 3/3 levels left

rFire   . . .        c - +1 war axe (freeze)
rCold   . . .        (no shield)
rNeg    . . .        b - +0 animal skin
rPois   .            (helmet restricted)
rElec   .            (no cloak)
rCorr   .            (no gloves)
SInv    .            (no boots)
Will    .....        (no amulet)
Stlth   +            (no ring)
HPRegen 0.26/turn    (no ring)
MPRegen 0.08/turn

%: no passive effects
@: lethally poisoned (-6 -> -24)
A: horns 2, retaliatory headbutt
a: Renounce Religion, Berserk, Trog's Hand


You were on level 3 of the Dungeon.
You worshipped Trog.
Trog was pleased with you.
You visited 1 branch of the dungeon, and saw 3 of its levels.

You collected 155 gold pieces.

Inventory:

Hand Weapons
 c - a +1 war axe of freezing (weapon)
Armour
 b - a +0 animal skin (worn)
Jewellery
 n - a ring of resist corrosion
Scrolls
 a - a scroll of noise {unknown}
 f - 3 scrolls of teleportation {unknown}
 g - a scroll of fear {unknown}
 k - 2 scrolls of identify {unknown}
 o - a scroll of enchant weapon {unknown}
Potions
 d - 2 potions of degeneration {unknown}
 e - a potion of heal wounds {unknown}
 h - a potion of flight {unknown}
 i - a potion of haste {unknown}
 j - a potion of mutation {unknown}
 l - a potion of curing {unknown}
 m - a potion of attraction {unknown}


   Skills:
 + Level 4.4 Fighting
 + Level 4.5 Axes
 + Level 3.4 Armour
 + Level 3.1 Dodging


You had 3 spell levels left.
You didn't know any spells.
Your spell library was empty.

Dungeon Overview and Level Annotations

Branches:
Dungeon (3/15)

Altars:


Innate Abilities, Weirdness & Mutations

You have a pair of horns on your head.
You reflexively headbutt those who attack you in melee.


Message History

No target in view!
Things that are here:
a bat corpse; an adder corpse A frilled lizard comes into view.
The frilled lizard hisses angrily.
You closely miss the frilled lizard.
Your headbutt misses the frilled lizard.
The frilled lizard misses you. You furiously retaliate!
You headbutt the frilled lizard!
You kill the frilled lizard!
Trog accepts your kill.
No target in view!
You see here a frilled lizard corpse.
Found a robe.
No target in view!
Found a stone staircase leading up.
No target in view!
Found a whip.
A gnoll comes into view. It is wielding a +2 halberd of venom.
A gnoll comes into view. It is wielding a +0 flail.
The gnoll shouts!
A gnoll comes into view. It is wielding a +0 club.
You see here a smoky puce potion.
There are monsters nearby!
An adder comes into view.
The gnoll shouts!
The gnoll hits you from afar with a +2 halberd of venom.
You are poisoned.
There are monsters nearby!
You feel sick.
The adder hisses angrily.
The gnoll hits you with a +2 halberd of venom!
You are lethally poisoned!
There is a lethal amount of poison in your body!
You barely miss the gnoll. You hit the gnoll. You freeze the gnoll.
You feel extremely sick. The gnoll hits you with a +0 flail!
* * * LOW HITPOINT WARNING * * *
The gnoll hits you with a +2 halberd of venom!
You die...

#.# #.# #.. #.#
#S### #g..#####
#gg...... #@#.#
##.#.#
#####..!.#####
#.?........<.#
#..##...)###.### #.
##.#.#...... #
#.....#.# ####
....?.#...#.# #..
..#####...#.######.#


You could see 3 gnolls and an adder.

Vanquished Creatures
  A gnoll (D:1)
  3 adders (D:3)
  A dart slug (D:2)
  6 ball pythons
  5 bats
  3 endoplasms
  2 goblins
  6 hobgoblins
  6 jackals
  2 quokkas (D:1)
  A frilled lizard (D:3)
  6 kobolds
  4 rats
46 creatures vanquished.

Notes
Turn   | Place    | Note
-------+----------+-------------------------------------------
     0 | D:1      | LLlMATKO the Minotaur Berserker began the quest for the
                  | Orb.
     0 | D:1      | Reached XP level 1. HP: 19/19 MP: 0/0
   204 | D:1      | Reached XP level 2. HP: 19/27 MP: 1/1
   361 | D:1      | Reached XP level 3. HP: 23/33 MP: 2/2
   736 | D:1      | Reached ** piety under Trog
  1666 | D:3      | Reached XP level 4. HP: 41/41 MP: 3/3
  1921 | D:3      | Mangled by a gnoll

Illustrated notes

Levels and vault maps discovered:
D:1:      minmay_arrival_stone_box, layout_basic, chequers_big_river
D:2:      layout_basic, minmay_misc_feat_enclosed
D:3:      layout_loops_ring, roderic_batcave, kennysheep_generic_room_10

Skill      XL: |  1  2  3 |
---------------+----------+-----
Fighting       | 4 |  4.4
Axes           | 4 |  4.5
Armour         | 3 |  3.4
Dodging        | 3 |  3.1

Action                     |  1- 3 |  4- 6 || total
---------------------------+-------+-------++-------
  Melee: Hand axe          |     6 |       ||     6
         War axe           |    62 |    15 ||    77
         Headbutt          |     6 |     4 ||    10
 Invoke: Berserk           |     1 |       ||     1
 Armour: Animal skin       |    13 |     6 ||    19
  Dodge: Dodged            |    49 |     7 ||    56
